 Dungeon Crawl Stone Soup version 0.30-a0-393-g54b8e3be05 (webtiles) character file.

Game seed: 3142311653006661106

40 p00ps00p the Trooper (level 3, -4/33 HPs)
             Began as a Hill Orc Fighter on Dec 6, 2022.
             Slain by Sigmund
             ... wielding a +0 scythe
              (6 damage)
             ... on level 2 of the Dungeon.
             The game lasted 00:02:03 (714 turns).

p00ps00p the Trooper (Hill Orc Fighter)              Turns: 714, Time: 00:02:04

Health: -4/33      AC: 10    Str: 20    XL:     3   Next: 50%
Magic:  3/3        EV:  5    Int:  8    God:
Gold:   13         SH:  8    Dex: 10    Spells: 2/2 levels left

rFire   . . .      SeeInvis .    a - +0 war axe
rCold   . . .      Faith    .    h - +0 kite shield
rNeg    . . .      Spirit   .    i - +0 chain mail
rPois   .          Reflect  .    (no helmet)
rElec   .          Harm     .    (no cloak)
rCorr   .          Rampage  .    j - +0 pair of gloves
Will    .....                    (no boots)
Stlth   ..........               (no amulet)
HPRegen 0.25/turn                (no ring)
MPRegen 0.08/turn                (no ring)

@: mighty
A: no striking features
a: no special abilities


You were on level 2 of the Dungeon.
You visited 1 branch of the dungeon, and saw 2 of its levels.

You collected 121 gold pieces.
You spent 108 gold pieces at shops.

Inventory:

Hand Weapons
 a - a +0 war axe (weapon)
Missiles
 b - a throwing net (quivered)
Armour
 h - a +0 kite shield (worn)
 i - a +0 chain mail (worn)
 j - a +0 pair of gloves (worn)
Jewellery
 e - a ring of magical power
Scrolls
 c - a scroll of enchant armour {unknown}
 f - 2 scrolls of identify
Potions
 d - a potion of might
 g - a potion of cancellation


   Skills:
 + Level 4.1 Fighting
 + Level 3.4 Axes
 + Level 3.7 Armour
 + Level 3.8 Shields


You had 2 spell levels left.
You didn't know any spells.
Your spell library contained the following spells:

 Spells                   Type           Power      Damage    Failure   Level
 Blink                    Tloc           0%         N/A       100%        2
 Momentum Strike          Conj/Tloc      0%         3d8       100%        2
 Lesser Beckoning         Tloc           0%         N/A       100%        3


Dungeon Overview and Level Annotations

Branches:
Dungeon (2/15)

Altars:
Okawaru

Shops:
D:1 ![*?!

Annotations:
D:2 Sigmund


Message History

The jackal bites you but does no damage.
You block the jackal's attack. Something hits you.
You slash the jackal!
You kill the jackal!
You miss something. Something hits you!
You are too injured to fight recklessly!
You are too injured to fight recklessly!
You are too injured to fight recklessly!
You are too injured to fight recklessly!
You are too injured to fight recklessly!
You are too injured to fight recklessly!
You are too injured to fight recklessly!
You are too injured to fight recklessly!
You are too injured to fight recklessly!
You are too injured to fight recklessly!
You are too injured to fight recklessly!
You are too injured to fight recklessly!
You are too injured to fight recklessly!
You are too injured to fight recklessly!
You are too injured to fight recklessly!
You are too injured to fight recklessly!
You are too injured to fight recklessly!
You are too injured to fight recklessly!
You are too injured to fight recklessly!
You are too injured to fight recklessly!
You are too injured to fight recklessly!
You are too injured to fight recklessly!
You are too injured to fight recklessly!
There is a strange disturbance nearby!
You feel very mighty all of a sudden. Something hits you!
* * * LOW HITPOINT WARNING * * *
You barely miss something. Something hits you but does no damage.
You barely miss something. Something hits you but does no damage.
You slash something! Something hits you.
* * * LOW HITPOINT WARNING * * *
You barely miss something. Something completely misses you.
You closely miss something. You closely miss something.
You block something's attack. Something hits you.
You die...

### ##
..###.#
#.#<# #.##
#.# #.# #
#.# ...
####.#.....
#.†@....._..
#..{.##.....
#..### ....
#.. ##. ...
.... .....
##....


There were no monsters in sight!

Vanquished Creatures
  A dart slug (D:1)
  4 ball pythons (D:1)
  3 endoplasms (D:1)
  2 giant cockroaches (D:1)
  3 goblins (D:1)
  2 hobgoblins (D:1)
  5 jackals
  3 quokkas (D:1)
  4 bats
  6 frilled lizards (D:1)
  A kobold (D:1)
  2 rats (D:1)
36 creatures vanquished.

Notes
Turn   | Place    | Note
-------+----------+-------------------------------------------
     0 | D:1      | p00ps00p the Hill Orc Fighter began the quest for the Orb.
     0 | D:1      | Reached XP level 1. HP: 19/19 MP: 1/1
    37 | D:1      | Reached XP level 2. HP: 26/27 MP: 2/2
    41 | D:1      | Found Naithudgh's Magic Scroll Emporium.
   134 | D:1      | Found Imyeripi's Armour Boutique.
   140 | D:1      | Bought a +0 kite shield for 54 gold pieces
   140 | D:1      | Bought a +0 chain mail for 54 gold pieces
   185 | D:1      | Found Edeikh's Distillery.
   213 | D:1      | Found Bitwuatu's General Store.
   317 | D:1      | Reached skill level 4 in Fighting
   370 | D:1      | Reached XP level 3. HP: 33/33 MP: 3/3
   638 | D:1      | Found Noeniek's Distillery.
   695 | D:2      | Noticed Sigmund
   698 | D:2      | Found an iron altar of Okawaru.
   711 | D:2      | HP: 1/33 [something (5)]
   714 | D:2      | Slain by Sigmund

Illustrated notes

Levels and vault maps discovered:
D:1:      scummos_arrival_simple_crosswalls, layout_loops_cross, serial_shops,
          nicolae_shop_behind_doors, shop_coins, shop_fountains,
          nicolae_shop_trees, shop_statue
D:2:      layout_loops_ring, basic_altar, serial_shops, nicolae_shop_stone,
          uniq_sigmund

Skill      XL: |  1  2 |
---------------+-------+-----
Axes           | 3 |  3.4
Fighting       | 4 |  4.1
Armour         | |  3.7
Shields        | |  3.8

Action                   || total
-------------------------++-------
Melee: War axe           ||    96
  Use: Scroll            ||     1
       Potion            ||     1
Armor: Scale mail        ||    27
       Chain mail        ||    39
Dodge: Dodged            ||    44
Block: Buckler           ||    14
       Kite shield       ||    24

Table legend: (Time is in decaauts)
 A = Elapsed time spent in this place.
 B = Non-inter-level travel time spent in this place.
 C = Inter-level travel time spent in this place.
 D = Time resting spent in this place.
 E = Time spent auto-exploring this place.
 F = Levels seen in this place.
 G = Mean time per level.
                   A        B        C        D        E       F      G
               +--------+--------+--------+--------+--------+-----+--------+
         Total |    758 |    755 |      3 |      0 |    488 |   2 |  379.0 |
       Dungeon |    758 |    755 |      3 |      0 |    488 |   2 |  379.0 |
               +--------+--------+--------+--------+--------+-----+--------+

Top non-repeatable levels by time:
     D:1: 730 daAuts
     D:2: 28 daAuts
